 Dungeon Crawl Stone Soup version 0.31-a0-981-geadf994542 (webtiles) character file.

Game seed: 7086747149031296392

760 ox1011 the Chopper (level 7, -7/63 HPs)
             Began as a Minotaur Berserker on Jan 9, 2022.
             Was a Believer of Trog.
             Mangled by an ogre
             ... wielding a +0 giant spiked club
              (22 damage)
             ... on level 5 of the Dungeon on Nov 1, 2023.
             The game lasted 00:46:21 (3764 turns).

ox1011 the Chopper (Minotaur Berserker)             Turns: 3764, Time: 00:46:21

Health: -7/63      AC: 12    Str: 23    XL:     7   Next: 50%
Magic:  6/6        EV:  9    Int:  4    God:    Trog [**....]
Gold:   238        SH:  0    Dex: 10    Spells: 6/6 levels left

rFire   . . .        m - +1 short sword (vamp)
rCold   . . .        (no shield)
rNeg    . . .        t - +0 chain mail
rPois   .            (helmet restricted)
rElec   .            (no cloak)
rCorr   .            r - +1 pair of gloves
SInv    .            (no boots)
Will    .....        (no amulet) Stlth
                     (no ring)
HPRegen 0.30/turn    (no ring)
MPRegen 0.10/turn

%: no passive effects
@: no status effects
A: horns 2, retaliatory headbutt
a: Renounce Religion, Berserk, Trog's Hand


You were on level 5 of the Dungeon.
You worshipped Trog.
Trog was pleased with you.
You visited 1 branch of the dungeon, and saw 5 of its levels.

You collected 238 gold pieces.

Inventory:

Hand Weapons
 a - a +0 hand axe
 f - a +0 short sword
 j - a +0 scythe
 m - a +1 vampiric short sword (weapon)
Armour
 r - a +1 pair of gloves (worn)
 t - a +0 chain mail (worn)
Jewellery
 b - a ring of wizardry
Wands
 l - a wand of acid (4)
Scrolls
 c - 4 scrolls of teleportation {unknown}
 e - 5 scrolls of identify {unknown}
 g - 2 scrolls of blinking {unknown}
 n - a scroll of amnesia {unknown}
 o - a scroll of enchant armour {unknown}
 q - a scroll of torment {unknown}
Potions
 h - 2 potions of brilliance {unknown}
 i - a potion of lignification {unknown}
 k - a potion of heal wounds {unknown}
 p - a potion of resistance {unknown}
 s - a potion of curing {unknown}


   Skills:
 + Level 6.0 Fighting
 + Level 2.7 Short Blades
 + Level 6.2(6.3) Axes
 + Level 1.0(4.0) Polearms
 + Level 4.9 Armour
 + Level 4.0 Dodging
 + Level 1.3 Stealth


You had 6 spell levels left.
You didn't know any spells.
Your spell library contained the following spells:

 Spells                   Type           Power      Damage    Failure   Level
 Ignite Poison            Fire/Tmut/Pois 0%         N/A       100%        3
 Sticky Flame             Conj/Fire      0%         2d3       100%        4
 Ignition                 Fire           0%         3d3       100%        8


Dungeon Overview and Level Annotations

Branches:
Dungeon (5/15)
 Temple: D:4-7

Altars:
Cheibriados
Fedhas
Qazlal
Zin


Innate Abilities, Weirdness & Mutations

You have a pair of horns on your head.
You reflexively headbutt those who attack you in melee.


Message History

You furiously retaliate!
You headbutt the centaur! The centaur kicks you.
You barely miss the centaur. Your headbutt misses the centaur.
The centaur is severely wounded.
The centaur hits you but does no damage.
The centaur kicks you.
You hit the centaur.
You feel better.
You headbutt the centaur, but do no damage.
The centaur is severely wounded.
The centaur closely misses you. The centaur barely misses you.
You hit the centaur but do no damage.
The centaur is severely wounded.
The centaur hits you but does no damage.
The centaur kicks you.
The centaur hits you but does no damage.
The centaur kicks you but does no damage.
You barely miss the centaur. Your headbutt misses the centaur.
The centaur is severely wounded.
The centaur hits you but does no damage.
The centaur kicks you but does no damage.
You hit the centaur.
You feel better.
You headbutt the centaur.
You kill the centaur!
Trog accepts your kill.
Your Fighting skill increases to level 6!
Your Dodging skill increases to level 4!
Press: ? - help, v - describe, . - travel, g - get item Item here: a +0 orcbow.
The floor.
You recover from your berserk rage.
Something unseen opens the door.
An ogre comes into view. It is wielding a +0 giant spiked club.
The ogre hits you with a +0 giant spiked club.
The ogre hits you with a +0 giant spiked club!
The ogre hits you but does no damage.
The ogre hits you with a +0 giant spiked club!!
* * * LOW HITPOINT WARNING * * *
The ogre barely misses you. The ogre closely misses you.
The ogre barely misses you.
The ogre hits you with a +0 giant spiked club!!
You die...

#....#########+#
##....#..........
#.....#.......... #
#....#.......... #.
#....<..######..
#.##....#..#....#
#>....†.#..#....#
#.......#..#....#
####....#..#...@#
#....#..#.)..O...'..
#....#.......#...#..
#........#####...#
#....)...........#
#..................
#........######'#...
#.......... ...
#...........


You could see an ogre.

Vanquished Creatures
  Sigmund (D:2)
  An ogre (D:5)
  A centaur (D:5)
  A phantom (D:5)
  2 howler monkeys
  3 hounds (D:5)
  3 orc wizards (D:4)
  2 adders (D:2)
  2 worms (D:3)
  15 orcs
  3 bats
  2 endoplasms (D:1)
  3 giant cockroaches
  6 goblins
  9 hobgoblins
  2 jackals (D:3)
  2 quokkas (D:1)
  8 ball pythons
  2 frilled lizards
  12 kobolds
  6 rats
86 creatures vanquished.

Notes
Turn   | Place    | Note
-------+----------+-------------------------------------------
     0 | D:1      | ox1011 the Minotaur Berserker began the quest for the Orb.
     0 | D:1      | Reached XP level 1. HP: 19/19 MP: 0/0
   193 | D:1      | Reached XP level 2. HP: 21/27 MP: 1/1
   636 | D:1      | Reached ** piety under Trog
  1282 | D:2      | Reached XP level 3. HP: 29/33 MP: 2/2
  1368 | D:2      | Found a faded altar of an unknown god.
  1396 | D:2      | Upgraded the game from 0.28-a0-1435-g82390b3a13 to
                  | 0.31-a0-981-geadf994542
  1492 | D:2      | Noticed Sigmund
  1496 | D:2      | Killed Sigmund
  1497 | D:2      | Reached skill level 5 in Axes
  1497 | D:2      | Reached skill level 1 in Stealth
  1497 | D:2      | Reached XP level 4. HP: 41/41 MP: 3/3
  1497 | D:2      | Reached XP level 5. HP: 47/47 MP: 4/4
  1745 | D:2      | Reached skill level 5 in Fighting
  2461 | D:3      | Found a snail-covered altar of Cheibriados.
  2475 | D:3      | Found a glowing silver altar of Zin.
  3022 | D:4      | Reached XP level 6. HP: 56/56 MP: 5/5
  3033 | D:4      | Found a blossoming altar of Fedhas.
  3139 | D:4      | Found a stormy altar of Qazlal.
  3218 | D:4      | Reached skill level 1 in Short Blades
  3629 | D:5      | Entered Level 5 of the Dungeon
  3643 | D:5      | Reached XP level 7. HP: 62/62 MP: 6/6
  3645 | D:5      | Reached skill level 1 in Polearms
  3764 | D:5      | Mangled by an ogre

Illustrated notes

Levels and vault maps discovered:
D:1:      heliophobic_arrival_ceremonial_halls, layout_loops_cross,
          supply_closet_lemuel
D:2:      layout_loops_ring, dilly_ecumenical_altar_fadedgnrine,
          chequers_serial_rivers_small_a, uniq_sigmund
D:3:      layout_loops_cross, mainiacjoe_overflow_catwalk_spiral
D:4:      layout_basic, mainiacjoe_overflow_boulevard, kennysheep_little_box
D:5:      layout_basic, gammafunk_ghost_icy, guppyfry_shop_venom

Skill      XL: |  1  2  3  4  5  6  7 |
---------------+----------------------+-----
Fighting       | 4 5 6 |  6.0
Axes           | 4 5 6 |  6.2
Stealth        | 1 |  1.3
Dodging        | 3 4 |  4.0
Armour         | 3 4 |  4.9
Short Blades   | 1 2 |  2.7
Polearms       | 1 |  1.0

Action                     |  1- 3 |  4- 6 |  7- 9 || total
---------------------------+-------+-------+-------++-------
  Melee: Hand axe          |    80 |     2 |       ||    82
         Headbutt          |     7 |    24 |     5 ||    36
         Short sword       |       |   106 |    20 ||   126
         Scythe            |       |    25 |       ||    25
 Invoke: Berserk           |     2 |     6 |       ||     8
         Trog's Hand       |       |     2 |       ||     2
   Stab: Sleeping          |     1 |       |       ||     1
 Armour: Animal skin       |     8 |    25 |       ||    33
         Ring mail         |       |    68 |       ||    68
         Skin              |       |     2 |       ||     2
         Leather armour    |       |     1 |       ||     1
         Chain mail        |       |     6 |    30 ||    36
  Dodge: Dodged            |    33 |    85 |    20 ||   138

Table legend: (Time is in decaauts)
 A = Elapsed time spent in this place.
 B = Non-inter-level travel time spent in this place.
 C = Inter-level travel time spent in this place.
 D = Time resting spent in this place.
 E = Time spent auto-exploring this place.
 F = Levels seen in this place.
 G = Mean time per level.
                   A        B        C        D        E       F      G
               +--------+--------+--------+--------+--------+-----+--------+
         Total |   3861 |   3861 |      0 |    450 |   1297 |   5 |  772.2 |
       Dungeon |   3861 |   3861 |      0 |    450 |   1297 |   5 |  772.2 |
               +--------+--------+--------+--------+--------+-----+--------+

Top non-repeatable levels by time:
     D:1: 1282 daAuts
     D:3: 944 daAuts
     D:2: 847 daAuts
     D:4: 645 daAuts
     D:5: 141 daAuts
